 Dungeon Crawl Stone Soup version 0.25-a0-651-g8c222c7a2b (webtiles) character file.

Game seed: 1642690885170179125, levelgen mode: deterministic

33 An17 the Chiller (level 3, 0/26 HPs)
             Began as a Demigod Ice Elementalist on Mar 22, 2020.
             Slain by a worm (4 damage)
             ... on level 2 of the Dungeon.
             The game lasted 00:03:17 (687 turns).

An17 the Chiller (Demigod Ice Elementalist)          Turns: 687, Time: 00:03:18

Health: 0/26       AC:  2    Str: 11    XL:     3   Next: 0%
Magic:  3/9        EV: 13    Int: 21    God:
Gold:   62         SH:  0    Dex: 16    Spells: 2/6 levels left

rFire    . . .     SeeInvis .   d - +0 whip (freeze)
rCold    . . .     Gourm    .   (no shield)
rNeg     . . .     Faith    .   a - +0 robe
rPois    .         Spirit   .   (no helmet)
rElec    .         Reflect  .   (no cloak)
rCorr    .         Harm     .   (no gloves)
MR       .....                  (no boots)
Stlth    ++........             (no amulet)
HPRegen  0.08/turn              (no ring)
MPRegen  0.11/turn              (no ring)

@: no status effects
A: high mp 1
a: no special abilities


You were on level 2 of the Dungeon.
You were not hungry.

You visited 1 branch of the dungeon, and saw 2 of its levels.

You collected 62 gold pieces.

Inventory:

Hand Weapons
 d - a +0 whip of freezing (weapon)
Armour
 a - a +0 robe (worn)
 g - a +0 scale mail
Scrolls
 f - 2 scrolls of identify
Potions
 b - a potion of magic
 e - a potion of lignification
 h - a potion of stabbing {unknown}
 i - a potion of resistance {unknown}
 j - a potion of flight {unknown}
Comestibles
 c - 2 rations


   Skills:
 + Level 2.0 Dodging
 + Level 1.8 Stealth
 + Level 2.2 Spellcasting
 + Level 4.1 Ice Magic


You had 2 spell levels left.
You knew the following spells:

 Your Spells              Type           Power        Failure   Level  Hunger
a - Freeze                Ice            ###.         2%          1    #......
b - Frozen Ramparts       Ice            ###...       8%          3    ###....

Your spell library contained the following spells:

 Spells                   Type           Power        Failure   Level  Hunger
 Ozocubu's Armour         Chrm/Ice       ##......     19%         3    ###....
 Hailstorm                Conj/Ice       ##......     52%         4    #####..
 Summon Ice Beast         Ice/Summ       ##......     52%         4    #####..


Dungeon Overview and Level Annotations

Branches:
Dungeon (2/15)


Innate Abilities, Weirdness & Mutations

You have an increased reservoir of magic. (+10% MP)


Message History

You open the door.
A worm comes into view.
Found a black potion.
There is an open door here.
Casting: Freeze (safe; 2% risk of failure)
Confirm with . or Enter, or press ? or * to list all spells.
Aiming: Freeze (safe; 2% risk of failure)
Press: ? - help, Shift-Dir - straight line, f - worm
Aim: a worm (resting)
You freeze the worm!
The worm is heavily wounded.
Casting: Freeze (safe; 2% risk of failure)
Confirm with . or Enter, or press ? or * to list all spells.
Aiming: Freeze (safe; 2% risk of failure)
Press: ? - help, Shift-Dir - straight line, f/p - worm
Aim: a worm (heavily wounded)
You freeze the worm.
The worm is heavily wounded.
The worm bites you.
You die...

# #### . #...
###.##########... # #..
... ......... #. #!# ###
#.#####.# #####.##.# ###
#....##'#
'........#######....#...
#@.'.._..'....#...
#.w###.###....#... #..#
#.# #....#...
##.###+###........
#................
..##.#.........†. ...
#........... ###
######...... +.....†


You could see a worm.

Vanquished Creatures
  An adder (D:2)
  An ooze (D:2)
  A dart slug (D:1)
  3 bats (D:1)
  A giant cockroach (D:1)
  2 jackals (D:1)
  A quokka (D:2)
  A ball python (D:2)
  A frilled lizard (D:2)
  2 goblins (D:1)
  3 kobolds
  A rat (D:2)
18 creatures vanquished.

Notes
Turn   | Place    | Note
-------+----------+-------------------------------------------
     0 | D:1      | An17 the Demigod Ice Elementalist began the quest for the
                  | Orb.
     0 | D:1      | Reached XP level 1. HP: 14/14 MP: 5/5
     6 | D:1      | Noticed a rime drake
     6 | D:1      | Noticed a hog
     6 | D:1      | Noticed an iguana
     6 | D:1      | Noticed an anaconda
   332 | D:1      | Reached skill level 4 in Ice Magic
   352 | D:1      | Reached XP level 2. HP: 17/20 MP: 4/7
   624 | D:2      | Found a burning altar of Makhleb.
   658 | D:2      | HP: 1/20 [rat (2)]
   659 | D:2      | Reached XP level 3. HP: 2/26 MP: 2/9
   664 | D:2      | Learned a level 3 spell: Frozen Ramparts
   675 | D:2      | Found a shattered altar of Ashenzari.
   687 | D:2      | Slain by a worm

Levels and vault maps discovered:
D:1:      onia_arrival_zoo_common, layout_loops_ring, serial_bayou_pond_a
D:2:      layout_basic, lemuel_doored_altar, lemuel_round_altar,
          nicolae_overflow_crystal_walls

Skill      XL: |  1  2 |
---------------+-------+-----
Ice Magic      | 4 |  4.1
Spellcasting   | 2 |  2.2
Dodging        | 2 |  2.0
Stealth        | |  1.8

Action                   || total
-------------------------++-------
Melee: Whip              ||    15
 Cast: Freeze            ||    29
  Use: Scroll            ||     4
Armor: Robe              ||     2
Dodge: Dodged            ||    28

Table legend:
 A = Non-vault XP
 B = Vault XP
 C = Vault XP percentage of total XP
 D = Non-vault monster count
 E = Vault monster count
 F = Vault count percentage of total count
                 A         B        C        D         E       F
            +---------+---------+-------+---------+---------+-------
      Total |      48 |       0 |   0.0 |      18 |       0 |   0.0
            +---------+---------+-------+---------+---------+-------
        D:1 |      21 |       0 |   0.0 |      11 |       0 |   0.0
        D:2 |      27 |       0 |   0.0 |       7 |       0 |   0.0
            +---------+---------+-------+---------+---------+-------
